 Dungeon Sprint DCSS version 0.17-a0-1805-g6093636 (webtiles) character file.

20154 Kidiri the Unseen (level 12, -2/51 HPs)
             Began as a Spriggan Enchanter on Sept 12, 2015.
             Was the Champion of Dithmenos.
             Slain by an anaconda (3 damage)
             ... in the Dungeon (Sprint III: "The Ten Rune Challenge").
             The game lasted 00:12:58 (2361 turns).

Kidiri the Unseen (Spriggan Enchanter)              Turns: 2361, Time: 00:12:59

Health: -2/51      AC:  3    Str:  4    XL:     12   Next: 42%
Magic:  29/33      EV: 32    Int: 19    God:    Dithmenos [******]
Gold:   44         SH:  0    Dex: 19    Spells: 9 memorised, 17 levels left

rFire  . . .     SeeInvis +     a - +1 dagger
rCold  . . .     Clarity  .     b - +1 robe
rNeg   . . .     SustAt   .     (shield restricted)
rPois  .         Gourm    .     (helmet restricted)
rElec  .         Spirit   .     (no cloak)
rCorr  .         Warding  .     (gloves unavailable)
rMut   .         NoTele   +     (boots unavailable)
MR     ++...                    (no amulet)
Stlth  ++++++++++               (no ring)
                                (no ring)

@: wreathed by umbra, constricted, very quick, very resistant to hostile
enchantments, uncannily stealthy
A: unfitting armour, see invisible, herbivore 3, speed 3, slow metabolism 2
a: Shadow Step, Shadow Form, Renounce Religion


You were in the Dungeon.
You worshipped Dithmenos.
Dithmenos was exalted by your worship.
You were full.

You visited 1 branch You collected 44 gold pieces.

Inventory:

Hand weapons
 a - a +1 dagger (weapon)
Armour
 b - a +1 robe (worn)
Magical devices
 i - a wand of hasting (2)
Scrolls
 j - a scroll of blinking
 m - a scroll of holy word {unknown}
 n - a scroll of identify {unknown}
 o - a scroll of enchant weapon {unknown}
 s - a scroll of magic mapping {unknown}
 t - 2 scrolls of remove curse
Potions
 c - a potion of cancellation {unknown}
 e - 2 potions of curing
 f - 2 potions of heal wounds
 g - a potion of haste
 h - 2 potions of magic
 k - 4 potions of flight
 l - a potion of might
 q - 2 potions of cure mutation
Comestibles
 p - 25 royal jellies
 u - 10 fruits


   Skills:
 + Level 10.8 Short Blades
 * Level 18.2 Dodging
 * Level 19.8 Stealth
 * Level 16.0 Spellcasting
 + Level 7.3 Conjurations
 + Level 12.1 Hexes
 + Level 8.1 Ice Magic
 + Level 7.8 Air Magic
 + Level 8.8 Poison Magic
 - Level 2.3 Invocations


You had 17 spell levels left.
You knew the following spells:

 Your Spells              Type           Power        Failure   Level  Hunger
a - Corona                Hex            ######.      1%          1    None
b - Ensorcelled Hibernat  Hex/Ice        ######       1%          2    None
c - Confuse               Hex            ######..     1%          3    None
d - Tukima's Dance        Hex            ######..     1%          3    None
e - Dazzling Spray        Conj/Hex       ######..     1%          3    None
f - Cure Poison           Pois           #####.....   1%          2    None
g - Mephitic Cloud        Conj/Pois/Air  #####...     1%          3    None
h - Olgreb's Toxic Radia  Pois           #####...     1%          4    None
i - Venom Bolt            Conj/Pois      #####.....   4%          5    ###....


Dungeon Overview and Level Annotations

Branches:
Dungeon (1/1)

Altars:
Cheibriados
Dithmenos
Elyvilon
Fedhas
Gozag
Kikubaaqudgha
Makhleb
Nemelex Xobeh
Okawaru
Qazlal
Ru
Sif Muna
Trog
Vehumet
Xom
Yredelemnul
Zin
The Shining One
Jiyva
Lugonu

Shops:
D %=


Innate Abilities, Weirdness & Mutations

You are tiny and cannot use many weapons and most armour.
You have supernaturally acute eyesight.
You are a herbivore.
You cover ground extremely quickly.
You need consume almost no food.


Message History

The black mamba hisses angrily.
Unknown command.
Your attempt to break free from the anaconda fails, but you feel that another attempt might succeed.
The anaconda completely misses you. x2
The anaconda bites you!
You emit a cloud of dark smoke.
You emit a cloud of dark smoke.
The anaconda constricts you. The anaconda bites you.
The anaconda barely misses you.
Unknown command.
Your attempt to break free from the anaconda fails, but you feel that another attempt might succeed.
The anaconda completely misses you. The anaconda constricts you.
The anaconda closely misses you. The anaconda completely misses you.
The anaconda completely misses you. The anaconda constricts you.
The anaconda bites you! The anaconda misses you.
Unknown command.
Your attempt to break free from the anaconda fails, but you feel that another attempt might succeed.
The anaconda completely misses you. The anaconda constricts you.
The anaconda closely misses you. The anaconda bites you!
* * * LOW HITPOINT WARNING * * *
The anaconda misses you.
You die...

..........)...♣♣
♣...##%##.#≈≈≈≈
+#############'♣
♣♣.##.##.##+≈≈≈ #≈P..........♣
♣..#.##...#≈≈.
..+≈≈..†########♣♣
♣♣.##.##.)#≈..
J.#≈≈≈..†......PP♣
♣♣%##.#####...
J.#≈≈≈≈P..PP....P♣
♣.....##%..... #
###########'#############+#####
#..§SSSS..S. #.♣♣ #..§@SSS....
#♣.♣ ###########. ♣.♣♣ ♣♣.♣
♣.♣♣ ♣≈♣♣ ♣.%♣ ♣♣≈♣♣ ♣♣.♣
♣♣.P♣♣


You could see 3 anacondas, 2 black mambas and 2 adders.

Vanquished Creatures
  Rupert (D)
  Maud (D)
  Josephine (D)
  2 hydras (D)
  A centaur warrior (D)
  An anaconda (D)
  4 death yaks (D)
  A spriggan druid (D)
  An unseen horror (D)
  A lindwurm (D)
  3 death drakes (D)
  2 black mambas (D)
  2 spiny frogs (D)
  A fire drake (D)
  A deep elf priest (D)
  A komodo dragon (D)
  A queen bee (D)
  8 blink frogs (D)
  3 wandering mushrooms (D)
  3 redbacks (D)
  2 spriggans (D)
  A shadow (D)
  A spatial vortex (D)
  A water moccasin (D)
  A swamp drake (D)
  A necrophage (D)
  2 centaurs (D)
  An earth elemental (D)
  2 brain worms (D)
  A water elemental (D)
  A scorpion (D)
  32 killer bees (D)
  An electric eel (D)
  A jelly (D)
  A wizard (D)
  Jessica (D)
  A necromancer (D)
  A kobold demonologist (D)
  3 humans (D)
  3 rats (D)
97 creatures vanquished.

Vanquished Creatures (others)
  2 draconian scorchers (D)
  2 yaktaurs (D)
  2 plants (D)
6 creatures vanquished.

Grand Total: 103 creatures vanquished

Notes
Turn   | Place    | Note
--------------------------------------------------------------
     0 | D        | Kidiri the Spriggan Enchanter began the quest for the Orb.
     0 | D        | Reached XP level 1. HP: 9/9 MP: 5/5
   136 | D        | Killed a white draconian scorcher
   152 | D        | Noticed Jessica
   156 | D        | Killed Jessica
   156 | D        | Reached skill level 6 in Stealth
   156 | D        | Reached XP level 2. HP: 13/13 MP: 5/8
   161 | D        | Learned a level 2 spell: Ensorcelled Hibernation
   204 | D        | Noticed a scorpion
   207 | D        | Killed a scorpion
   207 | D        | Reached skill level 7 in Stealth
   207 | D        | Reached skill level 5 in Spellcasting
   207 | D        | Reached skill level 1 in Ice Magic
   207 | D        | Reached XP level 3. HP: 16/16 MP: 9/11
   207 | D        | Reached XP level 4. HP: 21/21 MP: 9/12
   218 | D        | Learned a level 3 spell: Confuse
   222 | D        | Learned a level 3 spell: Tukima's Dance
   226 | D        | Learned a level 3 spell: Dazzling Spray
   228 | D        | Reached skill level 8 in Stealth
   228 | D        | Reached skill level 5 in Hexes
   250 | D        | Gained mutation: Your spells are a little harder to cast, but a little more powerful. [potion of mutation]
   250 | D        | Gained mutation: Your body sometimes deteriorates upon taking damage. [potion of mutation]
   250 | D        | Gained mutation: You tend to lose your temper in combat. [potion of mutation]
   251 | D        | Gained mutation: You are frail (-10% HP). [potion of mutation]
   251 | D        | Gained mutation: You possess an exceptional clarity of mind. [potion of mutation]
   251 | D        | Gained mutation: You expend magic power (3 MP) to strengthen your wands. [potion of mutation]
   252 | D        | Lost mutation: Your body sometimes deteriorates upon taking damage. [potion of cure mutation]
   252 | D        | Lost mutation: You possess an exceptional clarity of mind. [potion of cure mutation]
   252 | D        | Lost mutation: Your spells are a little harder to cast, but a little more powerful. [potion of cure mutation]
   252 | D        | Lost mutation: You expend magic power (3 MP) to strengthen your wands. [potion of cure mutation]
   253 | D        | Lost mutation: You tend to lose your temper in combat. [potion of cure mutation]
   253 | D        | Lost mutation: You are frail (-10% HP). [potion of cure mutation]
   258 | D        | Killed a white draconian scorcher
   301 | D        | Noticed a water elemental
   303 | D        | Killed a water elemental
   303 | D        | Reached skill level 9 in Stealth
   303 | D        | Reached skill level 1 in Conjurations
   303 | D        | Reached XP level 5. HP: 24/24 MP: 13/15
   318 | D        | Killed a yaktaur
   321 | D        | Noticed a jelly
   322 | D        | Noticed a shadow
   351 | D        | Killed a shadow
   351 | D        | Reached skill level 10 in Stealth
   351 | D        | Reached XP level 6. HP: 28/28 MP: 7/17
   453 | D        | Killed a jelly
   458 | D        | Found a stormy altar of Qazlal.
   459 | D        | Noticed a spatial vortex
   459 | D        | Found a sacrificial altar of Ru.
   459 | D        | Found a burning altar of Makhleb.
   459 | D        | Found a viscous altar of Jiyva.
   459 | D        | Found a shimmering altar of Xom.
   459 | D        | Found a shadowy altar of Dithmenos.
   459 | D        | Found a sparkling altar of Nemelex Xobeh.
   459 | D        | Found a corrupted altar of Lugonu.
   459 | D        | Found an opulent altar of Gozag.
   463 | D        | Became a worshipper of Dithmenos the Shadowed
   472 | D        | Killed a spatial vortex
   472 | D        | Reached skill level 5 in Short Blades
   472 | D        | Reached skill level 11 in Stealth
   472 | D        | Reached skill level 1 in Invocations
   577 | D        | Found a radiant altar of Vehumet.
   578 | D        | Found a deep blue altar of Sif Muna.
   578 | D        | Found an ancient bone altar of Kikubaaqudgha.
   578 | D        | Noticed a wizard
   579 | D        | Killed a wizard
   579 | D        | Reached skill level 10 in Dodging
   600 | D        | Learned a level 2 spell: Cure Poison
   604 | D        | Learned a level 3 spell: Mephitic Cloud
   609 | D        | Learned a level 4 spell: Olgreb's Toxic Radiance
   617 | D        | Found a glowing silver altar of Zin.
   618 | D        | Found a glowing golden altar of the Shining One.
   618 | D        | Found a white marble altar of Elyvilon.
   618 | D        | Noticed a deep elf priest
   620 | D        | Killed a deep elf priest
   620 | D        | Reached skill level 12 in Stealth
   620 | D        | Reached skill level 1 in Air Magic
   620 | D        | Reached skill level 1 in Poison Magic
   620 | D        | Reached XP level 7. HP: 32/32 MP: 18/20
   635 | D        | Found an iron altar of Okawaru.
   636 | D        | Found a bloodstained altar of Trog.
   636 | D        | Noticed a human
   636 | D        | Noticed a human
   638 | D        | Killed a human
   639 | D        | Killed a human
   639 | D        | Acquired Dithmenos's first power
   639 | D        | Reached XP level 8. HP: 36/36 MP: 20/22
   654 | D        | Found a basalt altar of Yredelemnul.
   654 | D        | Found a snail-covered altar of Cheibriados.
   654 | D        | Found a blossoming altar of Fedhas.
   654 | D        | Noticed a necrophage
   654 | D        | Noticed a necromancer
   656 | D        | Killed a necrophage
   657 | D        | Killed a necromancer
   674 | D        | Learned a level 5 spell: Venom Bolt
   719 | D        | Noticed Josephine
   722 | D        | Killed Josephine
   722 | D        | Reached skill level 13 in Stealth
   722 | D        | Reached skill level 10 in Spellcasting
   730 | D        | Noticed an earth elemental
   954 | D        | Killed an earth elemental
  1228 | D        | Noticed a centaur
  1228 | D        | Noticed a centaur warrior
  1228 | D        | Noticed a centaur
  1230 | D        | Killed a centaur
  1230 | D        | Reached XP level 9. HP: 39/39 MP: 24/24
  1232 | D        | Killed a centaur warrior
  1232 | D        | Acquired Dithmenos's second power
  1232 | D        | Reached skill level 14 in Stealth
  1232 | D        | Reached skill level 5 in Ice Magic
  1233 | D        | Killed a centaur
  1248 | D        | Noticed an unseen horror
  1250 | D        | Killed an unseen horror
  1260 | D        | Noticed a killer bee
  1260 | D        | Noticed a killer bee
  1260 | D        | Noticed a killer bee
  1260 | D        | Noticed a killer bee
  1260 | D        | Noticed a killer bee
  1260 | D        | Noticed a killer bee
  1260 | D        | Noticed a killer bee
  1260 | D        | Noticed a killer bee
  1260 | D        | Noticed a killer bee
  1260 | D        | Noticed a killer bee
  1260 | D        | Noticed a killer bee
  1260 | D        | Noticed a killer bee
  1260 | D        | Noticed a killer bee
  1260 | D        | Noticed a killer bee
  1260 | D        | Noticed a killer bee
  1261 | D        | Noticed a killer bee
  1261 | D        | Noticed a killer bee
  1261 | D        | Noticed a killer bee
  1261 | D        | Noticed a killer bee
  1261 | D        | Noticed a killer bee
  1261 | D        | Noticed a killer bee
  1261 | D        | Noticed a killer bee
  1261 | D        | Noticed a killer bee
  1261 | D        | Noticed a killer bee
  1261 | D        | Noticed a killer bee
  1261 | D        | Noticed a killer bee
  1261 | D        | Noticed a killer bee
  1261 | D        | Noticed a killer bee
  1261 | D        | Noticed a killer bee
  1261 | D        | Noticed a queen bee
  1261 | D        | Noticed a killer bee
  1261 | D        | Noticed a killer bee
  1261 | D        | Noticed a killer bee
  1262 | D        | Killed a killer bee
  1262 | D        | Reached skill level 15 in Stealth
  1268 | D        | Killed a killer bee
  1268 | D        | Acquired Dithmenos's third power
  1271 | D        | Killed a killer bee
  1274 | D        | Killed a killer bee
  1278 | D        | Killed a killer bee
  1281 | D        | Killed a killer bee
  1283 | D        | Killed a killer bee
  1285 | D        | Killed a killer bee
  1285 | D        | Acquired Dithmenos's fourth power
  1289 | D        | Killed a killer bee
  1291 | D        | Killed a killer bee
  1291 | D        | Reached skill level 5 in Poison Magic
  1293 | D        | Killed a killer bee
  1429 | D        | Killed a killer bee
  1433 | D        | Killed a killer bee
  1438 | D        | Killed a killer bee
  1438 | D        | Reached XP level 10. HP: 34/44 MP: 20/27
  1440 | D        | Killed a killer bee
  1442 | D        | Killed a killer bee
  1444 | D        | Killed a killer bee
  1446 | D        | Killed a killer bee
  1448 | D        | Killed a killer bee
  1450 | D        | Killed a killer bee
  1452 | D        | Killed a killer bee
  1455 | D        | Killed a killer bee
  1457 | D        | Killed a killer bee
  1459 | D        | Killed a queen bee
  1601 | D        | Killed a killer bee
  1601 | D        | Reached skill level 5 in Conjurations
  1603 | D        | Killed a killer bee
  1608 | D        | Killed a killer bee
  1610 | D        | Killed a killer bee
  1612 | D        | Killed a killer bee
  1614 | D        | Killed a killer bee
  1618 | D        | Killed a killer bee
  1620 | D        | Killed a killer bee
  1623 | D        | Killed a killer bee
  1791 | D        | Noticed a wandering mushroom
  1792 | D        | Noticed a wandering mushroom
  1792 | D        | Noticed a wandering mushroom
  1793 | D        | Killed a wandering mushroom
  1796 | D        | Killed a wandering mushroom
  1796 | D        | Reached skill level 16 in Stealth
  1800 | D        | Killed a wandering mushroom
  1800 | D        | Reached skill level 5 in Air Magic
  1884 | D        | Noticed a spiny frog
  1884 | D        | Noticed a komodo dragon
  1884 | D        | Noticed a spiny frog
  1888 | D        | Killed a spiny frog
  1893 | D        | Killed a spiny frog
  1893 | D        | Reached skill level 10 in Hexes
  1898 | D        | Killed a komodo dragon
  1898 | D        | Reached skill level 15 in Dodging
  1943 | D        | Killed a yaktaur
  1971 | D        | Noticed a redback
  1973 | D        | Killed a redback
  1974 | D        | Noticed a brain worm
  1977 | D        | Killed a brain worm
  1979 | D        | Noticed a brain worm
  1986 | D        | Killed a brain worm
  2009 | D        | Noticed a lindwurm
  2011 | D        | Noticed a redback
  2012 | D        | Killed a lindwurm
  2014 | D        | Killed a redback
  2019 | D        | Noticed a redback
  2020 | D        | Killed a redback
  2021 | D        | Noticed Maud
  2023 | D        | Killed Maud
  2023 | D        | Reached skill level 17 in Stealth
  2023 | D        | Reached XP level 11. HP: 47/47 MP: 29/29
  2026 | D        | Noticed an electric eel
  2027 | D        | Noticed a six-headed hydra
  2027 | D        | Noticed a seven-headed hydra
  2028 | D        | Killed an electric eel
  2030 | D        | Killed a six-headed hydra
  2031 | D        | Killed a seven-headed hydra
  2072 | D        | Noticed a death drake
  2075 | D        | Killed a death drake
  2084 | D        | Noticed a death drake
  2086 | D        | Killed a death drake
  2090 | D        | Noticed a death drake
  2091 | D        | Noticed a swamp dragon skeleton
  2091 | D        | Found Tucang's Food Emporium.
  2092 | D        | Found Odaitz's Jewellery Shop.
  2092 | D        | Noticed a swamp dragon skeleton
  2093 | D        | Killed a death drake
  2093 | D        | Reached skill level 18 in Stealth
  2115 | D        | Found a blossoming altar of Fedhas.
  2115 | D        | Noticed a spriggan
  2115 | D        | Noticed a spriggan druid
  2115 | D        | Noticed a spriggan
  2117 | D        | Killed a spriggan druid
  2118 | D        | Killed a spriggan
  2119 | D        | Killed a spriggan
  2163 | D        | Noticed a swamp drake
  2163 | D        | Noticed a fire drake
  2164 | D        | Killed a fire drake
  2164 | D        | Reached skill level 10 in Short Blades
  2166 | D        | Killed a swamp drake
  2173 | D        | Noticed a blink frog
  2173 | D        | Noticed a blink frog
  2174 | D        | Noticed a blink frog
  2174 | D        | Noticed a blink frog
  2175 | D        | Killed a blink frog
  2181 | D        | Killed a blink frog
  2226 | D        | Noticed a blink frog
  2229 | D        | Killed a blink frog
  2231 | D        | Killed a blink frog
  2234 | D        | Killed a blink frog
  2282 | D        | Noticed Rupert
  2284 | D        | Killed Rupert
  2284 | D        | Reached skill level 19 in Stealth
  2284 | D        | Reached skill level 15 in Spellcasting
  2284 | D        | Reached XP level 12. HP: 51/51 MP: 26/32
  2312 | D        | Noticed a death yak
  2313 | D        | Noticed a death yak
  2313 | D        | Noticed a blink frog
  2314 | D        | Noticed an azure jelly
  2314 | D        | Noticed a death yak
  2314 | D        | Noticed an azure jelly
  2314 | D        | Noticed a blink frog
  2314 | D        | Noticed a death yak
  2315 | D        | Killed a death yak
  2316 | D        | Killed a blink frog
  2317 | D        | Killed a death yak
  2318 | D        | Noticed a blink frog
  2318 | D        | Noticed a black mamba
  2320 | D        | Killed a death yak
  2321 | D        | Killed a blink frog
  2322 | D        | Noticed a black mamba
  2323 | D        | Killed a blink frog
  2324 | D        | Killed a death yak
  2326 | D        | Killed a black mamba
  2327 | D        | Killed a black mamba
  2355 | D        | Noticed an anaconda
  2355 | D        | Noticed an anaconda
  2355 | D        | Noticed an anaconda
  2355 | D        | Noticed a black mamba
  2355 | D        | Noticed a black mamba
  2355 | D        | Noticed a water moccasin
  2355 | D        | Noticed an anaconda
  2355 | D        | Noticed a water moccasin
  2357 | D        | Killed an anaconda
  2358 | D        | Killed a water moccasin
  2361 | D        | HP: 1/51 [anaconda (15)]
  2361 | D        | Slain by an anaconda

Vault maps used:
D:        dungeon_sprint_mu

Action                   |  1- 3 |  4- 6 |  7- 9 | 10-12 || total
-------------------------+-------+-------+-------+-------++-------
Melee: Dagger            |    10 |    16 |    42 |    75 ||   143
 Cast: Ensorcelled Hiber |       |     3 |    15 |    38 ||    56
       Dazzling Spray    |       |     9 |    19 |     4 ||    32
Invok: Shadow Step       |       |       |       |    13 ||    13
  Use: Potion            |       |     5 |     1 |       ||     6
       Scroll            |       |     1 |       |       ||     1
 Stab: Sleeping          |     4 |     5 |    21 |    58 ||    88
       Invisible         |       |     1 |     2 |     1 ||     4
  Eat: Bread ration      |       |       |       |     1 ||     1
